 Dungeon Crawl Stone Soup version 0.29-a0-1027-gcd8c55af63 (webtiles) character file.

Game seed: 13805706725565911084

3499 drugrobin the Grappler (level 9, -15/75 HPs)
             Began as a Demigod Hedge Wizard on Aug 14, 2022.
             Demolished by Joseph
             ... wielding a +0 quarterstaff
              (21 damage)
             ... on level 7 of the Dungeon.
             The game lasted 00:29:15 (10567 turns).

drugrobin the Grappler (Demigod Hedge Wizard)      Turns: 10567, Time: 00:29:15

Health: -15/75     AC: 11    Str: 23    XL:     9   Next: 51%
Magic:  16/19      EV: 16    Int: 19    God:
Gold:   377        SH:  0    Dex: 17    Spells: 1/17 levels left

rFire   . . .      SeeInvis .     - Unarmed
rCold   . . .      Faith    .   (no shield)
rNeg    . . .      Spirit   .   y - +1 ring mail of Baleful Knowledge {Dex+4}
rPois   .          Reflect  .   T - +0 helmet {Int+3}
rElec   .          Harm     .   Q - +0 cloak
rCorr   .          Rampage  .   n - +0 pair of gloves
Will    .....                   (no boots)
Stlth   ++........              (no amulet)
HPRegen 0.22/turn               u - +4 ring of slaying
MPRegen 0.16/turn               H - +4 ring of evasion

@: flying, very slightly contaminated
A: high MP 1, forlorn, divine attributes, iridescent scales 1, sturdy frame 1
a: no special abilities


You were on level 7 of the Dungeon.
You visited 1 branch of the dungeon, and saw 7 of its levels.
You also visited: Ossuary.

You collected 377 gold pieces.

Inventory:

Missiles
 A - 6 boomerangs
 K - 4 poisoned darts
Armour
 n - a +0 pair of gloves (worn)
 y - the +1 ring mail of Baleful Knowledge (worn) {Dex+4}
   (You found it on level 3 of the Dungeon)

   Dex:       It affects your dexterity (+4).
 Q - a +0 cloak (worn)
 T - a +0 helmet of intelligence (worn)
Magical Staves
 v - a staff of air
 B - a staff of cold
Jewellery
 e - a ring of poison resistance
 o - a ring of see invisible
 u - a +4 ring of slaying (left hand)
 H - a +4 ring of evasion (right hand)
 M - a ring of protection from fire
 O - a ring of positive energy
Wands
 c - a wand of flame (31)
 P - a wand of light (6)
 S - a wand of iceblast (12)
Scrolls
 a - 2 scrolls of enchant weapon {unknown}
 b - a scroll of enchant armour {unknown}
 g - 8 scrolls of identify {unknown}
 i - 2 scrolls of butterflies {unknown}
 k - 2 scrolls of torment {unknown}
 m - 10 scrolls of teleportation {unknown}
 p - 2 scrolls of poison {unknown}
 r - 2 scrolls of brand weapon {unknown}
 s - 4 scrolls of fear {unknown}
 t - a scroll of acquirement {unknown}
 D - 2 scrolls of magic mapping {unknown}
 G - a scroll of summoning {unknown}
 N - a scroll of noise {unknown}
 R - a scroll of vulnerability {unknown}
Potions
 d - 2 potions of magic
 f - 5 potions of curing
 h - 4 potions of mutation
 l - 3 potions of haste {unknown}
 q - 3 potions of cancellation {unknown}
 w - a potion of ambrosia {unknown}
 z - a potion of heal wounds
 C - a potion of might {unknown}
 E - 4 potions of lignification {unknown}
 F - a potion of attraction {unknown}
 I - 2 potions of invisibility {unknown}
 J - a potion of berserk rage
 L - a potion of degeneration {unknown}


   Skills:
 + Level 5.8 Fighting
 - Level 1.7 Dodging
 - Level 1.7 Stealth
 * Level 8.0 Unarmed Combat
 - Level 4.9 Spellcasting
 + Level 5.2 Conjurations
 - Level 0.8 Summonings
 - Level 0.8 Translocations
 + Level 3.6 Transmutations


You had one spell level left.
You knew the following spells:

 Your Spells              Type           Power      Damage    Failure   Level
a - Magic Dart            Conj           96%        1d7       1%          1
b - Slow                  Hex            16%        N/A       16%         1
c - Beastly Appendage     Tmut           36%        N/A       3%          1
d - Call Imp              Summ           7%         N/A       17%         2
e - Spider Form           Tmut/Pois      11%        N/A       22%         3
f - Stone Arrow           Conj/Erth      28%        3d8       16%         3
g - Mephitic Cloud        Conj/Pois/Air  11%        N/A       24%         3
q - Blink                 Tloc           14%        N/A       17%         2

Your spell library contained the following spells:

 Spells                   Type           Power      Damage    Failure   Level
 Sandblast                Erth           8%         2d5       16%         1
 Wereblood                Tmut           18%        N/A       5%          2
 Passwall                 Tmut/Erth      9%         N/A       12%         2
 Conjure Flame            Conj/Fire      14%        6-21      16%         3
 Lesser Beckoning         Tloc           7%         N/A       32%         3
 Manifold Assault         Tloc           7%         N/A       97%         5


Dungeon Overview and Level Annotations

Branches:
Dungeon (7/15)             Temple (0/1) D:4         Ossuary (visited)

Shops:
D:4 [([   D:5 (

Annotations:
D:7 Joseph


Innate Abilities, Weirdness & Mutations

You have an increased reservoir of magic. (+10% MP)
You shall have no god before yourself.
Your divine heritage dramatically boosts your attributes as you level up.
You are partially covered in iridescent scales. (AC +2)
Your movements are slightly less encumbered by armour. (ER -2)


Message History

Unknown command.
Unknown command.
Press: ? - help, v - describe, . - travel, g - get item
Here: Joseph, wielding a +0 sling and wearing a +2 leather armour of poison resistance Item here: a curare-tipped dart.
The floor.
Unknown command.
Unknown command.
Casting: Magic Dart (safe; 1% risk of failure)
Confirm with . or Enter, or press ? or * to list all spells.
You miscast Spider Form.
You are very lightly contaminated with residual magic.
Nothing appears to happen.
Joseph unwields a +0 sling.
Joseph wields a +0 quarterstaff.
Joseph drinks a potion.
Joseph goes berserk!
Unknown command.
Unknown command.
Okay, then.
Okay, then.
Okay, then.
Unknown command.
You feel very buoyant.
You fly up into the air.
Joseph hits you with a +0 quarterstaff! Joseph hits you with a +0 quarterstaff.
Unknown command.
Joseph attacks as you move away!
Joseph hits you with a +0 quarterstaff!!
* * * LOW HITPOINT WARNING * * *
Joseph hits you with a +0 quarterstaff!
* * * LOW HITPOINT WARNING * * *
Unknown command.
Unknown command.
Unknown command.
Unknown command.
Joseph attacks as you move away! Joseph hits you with a +0 quarterstaff.
* * * LOW HITPOINT WARNING * * *
Unknown command.
Unknown command.
Joseph attacks as you move away!
Joseph hits you with a +0 quarterstaff!!
You die...

...##### ....._ #≈.≈~~
.##......# ....#.# ##.♣~♣.
...#...#.##...@... #..~♣~~
#..#.....#....... #.~.†~~
#.......(## #.~.~.≈
#....~...# #.~~~~#
#..~~....### ###....~#
##.....#.@.########...)####
##..####≈@≈≈≈≈≈#...#### #
##.†..#....~.#..### #
####....~.~.#.##
###.#...##.# #....##..#####
#####........<.####
##........#####....#
#..######.########.# #.##
#.....####.###


You could see Joseph (berserk).

Vanquished Creatures
  A troll (D:6)
  A steam dragon (D:7)
  A water moccasin (D:4)
  2 hornet zombies (Ossuary)
  An ice beast (D:5)
  A black bear (D:6)
  3 sky beasts
  An ogre (D:5)
  A phantom (D:3)
  A necrophage (D:6)
  3 bullfrogs
  6 scorpions
  A wyvern zombie (Ossuary)
  A water moccasin zombie (Ossuary)
  A howler monkey (D:4)
  8 bullfrog zombies (Ossuary)
  A centaur zombie (Ossuary)
  An orc priest (D:6)
  2 hounds
  2 jellies
  Crazy Yiuf (D:5)
  5 iguanas
  12 orc wizards
  4 killer bee zombies (Ossuary)
  4 howler monkey zombies (Ossuary)
  12 mummies (Ossuary)
  3 gnolls
  10 adders
  2 shadow imps (D:7)
  A white imp (D:7)
  2 ufetubi
  2 worms
  2 dart slugs
  12 orcs
  8 endoplasms
  3 giant cockroaches
  8 goblins
  7 hobgoblins
  6 quokkas
  7 ball pythons
  5 bats
  3 frilled lizards
  6 kobolds
  4 rats
168 creatures vanquished.

Vanquished Creatures (collateral kills)
  An iguana (D:4)
  An orc (D:4)
  A giant cockroach (D:4)
3 creatures vanquished.

Vanquished Creatures (others)
  3 plants (D:3)
  7 withered plants (Ossuary)
10 creatures vanquished.

Grand Total: 181 creatures vanquished

Notes
Turn   | Place    | Note
-------+----------+-------------------------------------------
     0 | D:1      | drugrobin the Demigod Hedge Wizard began the quest for the
                  | Orb.
     0 | D:1      | Reached XP level 1. HP: 14/14 MP: 6/6
   415 | D:1      | Learned a level 1 spell: Slow
   481 | D:1      | Reached skill level 1 in Fighting
   659 | D:1      | Reached XP level 2. HP: 19/23 MP: 6/8
  1076 | D:1      | Learned a level 2 spell: Blink
  1286 | D:2      | Learned a level 1 spell: Beastly Appendage
  1551 | D:2      | Identified the +8 dagger of the Doomed Warrior {antimagic,
                  | Str+6 Stlth+}
  1680 | D:2      | Learned a level 2 spell: Call Imp
  1889 | D:2      | Reached XP level 3. HP: 13/28 MP: 6/10
  2169 | D:2      | Reached skill level 1 in Unarmed Combat
  2951 | D:3      | Noticed a phantom
  2987 | D:3      | Killed a phantom
  2988 | D:3      | Reached skill level 2 in Unarmed Combat
  2988 | D:3      | Reached XP level 4. HP: 21/36 MP: 12/12
  3468 | D:3      | Reached XP level 5. HP: 41/41 MP: 11/13
  3749 | D:3      | Reached skill level 1 in Conjurations
  3851 | D:3      | Identified the +1 ring mail of Baleful Knowledge {Dex+4}
  4461 | D:4      | Reached skill level 3 in Unarmed Combat
  4466 | D:4      | Found Heastu's Antique Weapon Emporium.
  4500 | D:4      | Found Xeixuv's Armour Shoppe.
  4615 | D:4      | Found a sand-covered staircase.
  4639 | D:4      | Noticed a water moccasin
  4641 | Ossuary  | Entered an ossuary
  4697 | Ossuary  | Reached XP level 6. HP: 21/50 MP: 1/15
  4704 | Ossuary  | Gained mutation: Your movements are slightly less
                  | encumbered by armour. (ER -2) [potion of mutation]
  4704 | Ossuary  | Gained mutation: You are partially covered in iridescent
                  | scales. (AC +2) [potion of mutation]
  4756 | Ossuary  | Reached skill level 4 in Unarmed Combat
  4774 | Ossuary  | Reached XP level 7. HP: 32/57 MP: 5/16
  5317 | Ossuary  | Reached skill level 5 in Unarmed Combat
  5793 | Ossuary  | Reached XP level 8. HP: 66/66 MP: 16/18
  6203 | D:4      | Found a staircase to the Ecumenical Temple.
  6411 | D:4      | Found Cuirph's Armour Shop.
  6560 | D:5      | Entered Level 5 of the Dungeon
  6852 | D:5      | Found Leonut's Weapon Shoppe.
  6864 | D:5      | Reached skill level 6 in Unarmed Combat
  6880 | D:5      | Reached skill level 1 in Transmutations
  6936 | D:5      | Found a runed translucent door.
  6937 | D:5      | Noticed Crazy Yiuf
  7040 | D:5      | Learned a level 3 spell: Spider Form
  7458 | D:5      | Killed Crazy Yiuf
  7558 | D:6      | Learned a level 3 spell: Stone Arrow
  8312 | D:6      | Reached skill level 5 in Fighting
  8394 | D:6      | Noticed a troll
  8397 | D:6      | Killed a troll
  8398 | D:6      | Reached skill level 7 in Unarmed Combat
  8398 | D:6      | Reached XP level 9. HP: 74/74 MP: 9/19
  9509 | D:7      | Reached skill level 5 in Conjurations
  9980 | D:7      | Noticed Joseph
 10380 | D:7      | Reached skill level 8 in Unarmed Combat
 10552 | D:7      | Learned a level 3 spell: Mephitic Cloud
 10567 | D:7      | Demolished by Joseph

Illustrated notes

Levels and vault maps discovered:
D:1:      amcnicky_arrival_double_pillar, layout_rooms,
          nicolae_ecumenical_lake_church, serial_park_tiny_1
D:2:      layout_loops_corners
D:3:      minmay_door_path, layout_basic, serial_bayou_lagoon_a
D:4:      layout_loops_ring, grunt_temple_overflow_diamond,
          minmay_temple_entry_butterflies, enter_ossuary_2, serial_shops,
          kennysheep_mini, kennysheep_little_box, nicolae_shop_hallway_plus,
          hangedman_abyss_or_decor_stagger
D:5:      layout_gridville, serial_shops, shop, dreamdust_princess_bridge,
          uniq_crazy_yiuf_cottage
D:6:      minmay_flawed_box, layout_gridville, grunt_qazlal_clouds,
          old_standard_altar, nicolae_wu_jian_glorious_leap, lemuel_round_altar,
          minmay_door_square
D:7:      layout_rooms, ashenzari_altar_1, serial_rivers,
          chequers_serial_rivers_marsh, chequers_serial_rivers_micro_a,
          chequers_serial_rivers_micro_d, chequers_serial_rivers_micro_e,
          chequers_serial_rivers_micro_b, chequers_serial_rivers_micro_c,
          uniq_joseph

Skill      XL: |  1  2  3  4  5  6  7  8  9 |
---------------+----------------------------+-----
Fighting       | 1 2 3 4 5 |  5.8
Spellcasting   | 3 4 |  4.9
Unarmed Combat | 2 3 4 5 7 8 |  8.0
Conjurations   | 1 2 3 4 5 |  5.2
Transmutations | 2 3 |  3.6
Dodging        | |  1.7
Stealth        | |  1.7
Summonings     | |  0.8
Translocations | |  0.8

Action                   |  1- 3 |  4- 6 |  7- 9 || total
-------------------------+-------+-------+-------++-------
Melee: Dagger            |    37 |       |       ||    37
       Unarmed           |   104 |   145 |   324 ||   573
       Kick              |     4 |    34 |    33 ||    71
       Headbutt          |     5 |    22 |    26 ||    53
       Punch             |     2 |     4 |    10 ||    16
Throw: Boomerang         |       |     1 |       ||     1
       Dart              |       |       |     3 ||     3
 Cast: Magic Dart        |    46 |    45 |   110 ||   201
       Slow              |     2 |     1 |     7 ||    10
       Beastly Appendage |     4 |    16 |    20 ||    40
       Call Imp          |       |     3 |     8 ||    11
       Stone Arrow       |       |       |    14 ||    14
       Spider Form       |       |       |    12 ||    12
  Use: Potion            |       |     4 |     1 ||     5
 Stab: Sleeping          |     3 |     1 |     1 ||     5
       Distracted        |       |       |     2 ||     2
Armor: Robe              |    36 |     2 |       ||    38
       Ring mail         |       |    41 |    89 ||   130
       Skin              |       |       |     3 ||     3
Dodge: Dodged            |    64 |    77 |   188 ||   329

Table legend: (Time is in decaauts)
 A = Elapsed time spent in this place.
 B = Non-inter-level travel time spent in this place.
 C = Inter-level travel time spent in this place.
 D = Time resting spent in this place.
 E = Time spent auto-exploring this place.
 F = Levels seen in this place.
 G = Mean time per level.
                   A        B        C        D        E       F      G
               +--------+--------+--------+--------+--------+-----+--------+
         Total |  10554 |  10413 |    141 |   1745 |   6362 |   8 | 1319.2 |
       Dungeon |   9315 |   9174 |    141 |   1306 |   5978 |   7 | 1330.7 |
       Ossuary |   1239 |   1239 |      0 |    439 |    383 |   1 | 1239.0 |
               +--------+--------+--------+--------+--------+-----+--------+

Top non-repeatable levels by time:
     D:2: 1945 daAuts
     D:6: 1863 daAuts
     D:3: 1332 daAuts
     D:5: 1308 daAuts
 Ossuary: 1239 daAuts
     D:1: 1095 daAuts
     D:4: 950 daAuts
     D:7: 819 daAuts
